 Dungeon Crawl Stone Soup version 0.24-a0-423-g6870c0f642 (webtiles) character file.

Game seed: 10730943871297953184

98 Holzbalken the Sneak (level 4, -1/30 HPs)
             Began as a Vampire Enchanter on June 13, 2019.
             Slain by Robin
             ... wielding a +0 club
              (5 damage)
             ... on level 2 of the Dungeon.
             The game lasted 00:06:53 (1077 turns).

Holzbalken the Sneak (Vampire Enchanter)            Turns: 1077, Time: 00:06:54

Health: -1/30      AC:  3    Str:  7    XL:     4   Next: 44%
Magic:  7/7        EV: 13    Int: 17    God:
Gold:   62         SH:  0    Dex: 15    Spells: 7/8 levels left

rFire    . . .     SeeInvis +   h - +1 dagger (venom)
rCold    . . .     Gourm    .   (no shield)
rNeg     . . .     Faith    .   b - +0 robe
rPois    .         Spirit   .   (no helmet)
rElec    .         Reflect  .   j - +0 cloak
rCorr    .         Harm     .   (no gloves)
MR       .....                  (no boots)
Stlth    +++.......             (no amulet)
HPRegen  0.30/turn              (no ring)
MPRegen  0.10/turn              (no ring)

@: regenerating quickly
A: no food, fangs 3, see invisible, unbreathing
a: Exsanguinate


You were on level 2 of the Dungeon.
You were alive.

You visited 1 branch of the dungeon, and saw 2 of its levels.

You collected 62 gold pieces.

Inventory:

Hand Weapons
 a - a +1 dagger
 h - a +1 dagger of venom (weapon)
Armour
 b - a +0 robe (worn)
 j - a +0 cloak (worn)
Scrolls
 f - 2 scrolls of teleportation
Potions
 c - 2 potions of haste {unknown}
 d - a potion of curing {unknown}
 i - a potion of heal wounds {unknown}


   Skills:
 * Level 2.7 Short Blades
 + Level 2.9 Dodging
 + Level 5.2 Stealth
 + Level 2.6 Spellcasting
 + Level 5.0 Hexes


You had 7 spell levels left.
You knew the following spells:

 Your Spells              Type           Power        Failure   Level  Hunger
a - Corona                Hex            ###....      2%          1    N/A

Your spell library contained the following spells:

 Spells                   Type           Power        Failure   Level  Hunger
 Confuse                  Hex            ###.....     7%          3    N/A
 Tukima's Dance           Hex            ###.....     7%          3    N/A
 Ensorcelled Hibernation  Hex/Ice        ##....       10%         2    N/A
 Dazzling Spray           Conj/Hex       ##....       19%         3    N/A

Dungeon Overview and Level Annotations

Branches:
Dungeon (2/15)

Altars:
Qazlal

Annotations:
D:2 Robin


Innate Abilities, Weirdness & Mutations

You do not eat.
Your natural rate of healing is unusually fast.
You have razor-sharp teeth.
You have supernaturally acute eyesight. (SInv)
You can survive without breathing.


Message History

You kill the hobgoblin!
Robin roars a battlecry!
The goblin goes into a battle-frenzy!
You closely miss the goblin. The goblin closely misses you. x2
You completely miss the goblin. The goblin hits you.
You closely miss the goblin. The goblin closely misses you.
The goblin hits you but does no damage.
You hit the goblin.
The goblin is poisoned.
The goblin is severely wounded.
The goblin closely misses you. The goblin barely misses you.
You hit the goblin.
You kill the goblin!
The goblin hits you.
* * * LOW HITPOINT WARNING * * *
You hit Robin but do no damage.
Robin is poisoned.
The goblin hits you.
* * * LOW HITPOINT WARNING * * *
You hit Robin.
Robin looks even sicker.
Robin is lightly wounded.
Robin hits you with a +0 club.
You die...

####...#####..##..†..##.#........
###.....##...##.####...####...
#####..###..#...###..####...
##(................##...
#######........##...... ####
#......#.####.... .....
##...#...........
#.....###...............
#....g@g...#########...
......###.....# #... ##...
###.#..######.## #..
............## ## ##.#....##....
.####....... ......##.... .....
###.. ... ..#


You could see Robin and a goblin.

Vanquished Creatures
  4 adders (D:2)
  2 dart slugs (D:1)
  3 leopard geckos
  3 giant cockroaches (D:2)
  10 goblins
  7 hobgoblins
  2 jackals (D:1)
  A quokka (D:2)
  A ball python (D:2)
  6 bats
  3 frilled lizards
  2 kobolds (D:2)
  A quokka skeleton (D:2)
  9 rats
54 creatures vanquished.

Notes
Turn   | Place    | Note
-------+----------+-------------------------------------------
     0 | D:1      | Holzbalken the Vampire Enchanter began the quest for the
                  | Orb.
     0 | D:1      | Reached XP level 1. HP: 13/13 MP: 3/3
   144 | D:1      | Reached XP level 2. HP: 19/19 MP: 5/5
   692 | D:1      | Reached XP level 3. HP: 24/24 MP: 6/6
   849 | D:2      | Reached skill level 5 in Stealth
   855 | D:2      | Reached XP level 4. HP: 21/30 MP: 7/7
   905 | D:2      | Reached skill level 5 in Hexes
   914 | D:2      | Found a stormy altar of Qazlal.
  1039 | D:2      | Noticed Robin
  1077 | D:2      | Slain by Robin

Levels and vault maps discovered:
D:1:      dpeg_arrival_ratfight, layout_loops_ring, minmay_misc_feat_square
D:2:      layout_rooms, grunt_qazlal_sundering, uniq_robin

Skill      XL: |  1  2  3  4 |
---------------+-------------+-----
Short Blades   | 2 |  2.7
Stealth        | 5 |  5.2
Hexes          | 5 |  5.0
Dodging        | |  2.9
Spellcasting   | |  2.6

Action                   |  1- 3 |  4- 6 || total
-------------------------+-------+-------++-------
Melee: Dagger            |   111 |    53 ||   164
       Bite              |    10 |     4 ||    14
  Use: Scroll            |       |     4 ||     4
 Stab: Sleeping          |     6 |     2 ||     8
Armor: Robe              |    30 |    11 ||    41
Dodge: Dodged            |   103 |    45 ||   148

Table legend:
 A = Non-vault XP
 B = Vault XP
 C = Vault XP percentage of total XP
 D = Non-vault monster count
 E = Vault monster count
 F = Vault count percentage of total count
                 A         B        C        D         E       F
            +---------+---------+-------+---------+---------+-------
      Total |     118 |      23 |  16.3 |      40 |      14 |  25.9
            +---------+---------+-------+---------+---------+-------
        D:1 |      37 |       5 |  11.9 |      19 |       5 |  20.8
        D:2 |      81 |      18 |  18.2 |      21 |       9 |  30.0
            +---------+---------+-------+---------+---------+-------
